 Dungeon Crawl Stone Soup version 0.30-a0-458-g86641cc369 (webtiles) character file.

Game seed: 14339789792507775660

27 NinjaNoafa the Gusty (level 3, -20/19 HPs)
             Began as a Tengu Air Elementalist on Dec 14, 2022.
             Killed by an exploding bat (27 damage)
             ... ignited by their inner flame
             ... on level 2 of the Dungeon.
             The game lasted 00:01:40 (1085 turns).

NinjaNoafa the Gusty (Tengu Air Elementalist)       Turns: 1085, Time: 00:01:40

Health: -20/19     AC:  2    Str:  8    XL:     3   Next: 10%
Magic:  6/7        EV: 12    Int: 17    God:
Gold:   26         SH:  0    Dex: 14    Spells: 3/6 levels left

rFire   . . .      SeeInvis .    c - +0 dagger
rCold   . . .      Faith    .    (no shield)
rNeg    . . .      Spirit   .    a - +0 robe
rPois   .          Reflect  .    (helmet restricted)
rElec   .          Harm     .    (no cloak)
rCorr   .          Rampage  .    (no gloves)
Will    .....                    (boots unavailable)
Stlth   ++........               (no amulet)
HPRegen 0.23/turn                (no ring)
MPRegen 0.10/turn                (no ring)

@: no status effects
A: beak, talons 3
a: no special abilities


You were on level 2 of the Dungeon.
You visited 1 branch of the dungeon, and saw 2 of its levels.

You collected 26 gold pieces.

Inventory:

Hand Weapons
 c - a +0 dagger (weapon)
Missiles
 f - 5 stones
Armour
 a - a +0 robe (worn)
Scrolls
 d - a scroll of immolation
 e - a scroll of fog {unknown}
 g - 2 scrolls of magic mapping {unknown}
 i - a scroll of teleportation {unknown}
Potions
 b - a potion of magic
 h - a potion of lignification {unknown}
 j - a potion of cancellation {unknown}


   Skills:
 - Level 2.1 Dodging
 - Level 2.0 Stealth
 + Level 2.4 Spellcasting
 + Level 2.4 Conjurations
 + Level 4.5 Air Magic


You had 3 spell levels left.
You knew the following spells:

 Your Spells              Type           Power      Damage    Failure   Level
a - Shock                 Conj/Air       56%        1d6       4%          1
b - Static Discharge      Conj/Air       28%        2-4/arc   7%          2

Your spell library contained the following spells:

 Spells                   Type           Power      Damage    Failure   Level
 Swiftness                Air            17%        N/A       9%          3
 Portal Projectile        Hex/Tloc       4%         N/A       50%         3
 Tukima's Dance           Hex            2%         N/A       50%         3
 Airstrike                Air            8%         2d(2-18)  28%         4
 Blade Hands              Tmut           1%         N/A       99%         5


Dungeon Overview and Level Annotations

Branches:
Dungeon (2/15)

Altars:

Annotations:
D:2 Natasha


Innate Abilities, Weirdness & Mutations

You have a beak for a mouth.
You have claws for feet.


Message History

You hear a shout!
The bat closely misses you. The bat hits you but does no damage.
The hobgoblin barely misses you. The hobgoblin attacks as you move away!
The hobgoblin hits you but does no damage.
The gnoll shouts!
The bat hits you but does no damage.
A gnoll comes into view. It is wielding a +0 club.
The gnoll shouts!
The bat barely misses you. The bat attacks as you move away!
The bat barely misses you. The bat closely misses you. The bat misses you.
The bat completely misses you. The bat hits you but does no damage.
The bat misses you.
You hit the bat. You peck the bat.
The bat is severely wounded.
The bat closely misses you. The bat barely misses you.
The hobgoblin closely misses you. Natasha casts a spell at you.
The magic dart hits you! The bat closely misses you.
The bat attacks as you move away! The bat closely misses you.
The hobgoblin attacks as you move away! The hobgoblin hits you.
The bat closely misses you. x2
The bat closely misses you. The bat hits you but does no damage.
Okay, then.
As you read the scroll labelled RAZOXU JUOSIV, it crumbles to dust.
The creatures around you are filled with an inner flame!
It was a scroll of immolation.
The bat misses you. The bat closely misses you. The bat hits you.
The bat barely misses you.
A bat comes into view.
Aiming: Shock (safe; 4% risk of failure)
Press: ? - help, Q - select action, (/) - cycle Shift-Dir - straight line, f - gnoll
Aim: a gnoll, wielding a +0 club (inner flame, 75% to hit)
The zap hits the bat.
The zap hits the gnoll.
Flame seeps out of the gnoll.
The gnoll is heavily wounded.
The bat explodes!
The fiery explosion engulfs the gnoll!!
You kill the gnoll!
The fiery explosion engulfs you!!
Ouch! That really hurt!
You die...

#.#.......##............
#.#.......##.#.........#
..#........#.#....g.....
..###........#......#...
#.. #.......g...###.)..#
# #...g...........>.##
#.###§#g..g###..##....
#....b§h.......###.#..
##...@§g........ #....
#..†.................
#..$.##..............
#.†...#..!......#.....
.....<...........##...h
.......).........
##.......[. .....
#...b......


You could see Natasha (inner flame), 4 gnolls, a hobgoblin (inner flame) and 2
bats.

Vanquished Creatures
  A gnoll (D:2)
  2 dart slugs (D:1)
  2 endoplasms (D:1)
  2 hobgoblins
  6 jackals (D:1)
  A ball python (D:1)
  A bat (D:2)
  2 frilled lizards (D:1)
  3 goblins
  3 kobolds
  A rat (D:2)
24 creatures vanquished.

Notes
Turn   | Place    | Note
-------+----------+-------------------------------------------
     0 | D:1      | NinjaNoafa the Tengu Air Elementalist began the quest for
                  | the Orb.
     0 | D:1      | Reached XP level 1. HP: 10/10 MP: 4/4
   259 | D:1      | Reached XP level 2. HP: 15/15 MP: 1/6
   355 | D:1      | Learned a level 2 spell: Static Discharge
   899 | D:2      | Reached XP level 3. HP: 19/19 MP: 3/7
  1067 | D:2      | Noticed Natasha
  1085 | D:2      | Killed by an exploding bat... ignited by their inner flame

Illustrated notes

Levels and vault maps discovered:
D:1:      lemuel_arrival_river_ford, layout_basic, chequers_serial_rivers_marsh
D:2:      layout_rooms, serial_shops,
          nicolae_shop_temple_entry_statues_fountains, nicolae_square_shop,
          uniq_natasha

Skill      XL: |  1 |
---------------+----+-----
Conjurations   | 2 |  2.4
Dodging        | |  2.1
Stealth        | |  2.0
Spellcasting   | |  2.4
Air Magic      | |  4.5

Action                   || total
-------------------------++-------
Melee: Dagger            ||     9
       Peck              ||     3
       Kick              ||     1
 Cast: Shock             ||    39
       Static Discharge  ||     2
  Use: Scroll            ||     1
Armor: Robe              ||    15
Dodge: Dodged            ||    35

Table legend: (Time is in decaauts)
 A = Elapsed time spent in this place.
 B = Non-inter-level travel time spent in this place.
 C = Inter-level travel time spent in this place.
 D = Time resting spent in this place.
 E = Time spent auto-exploring this place.
 F = Levels seen in this place.
 G = Mean time per level.
                   A        B        C        D        E       F      G
               +--------+--------+--------+--------+--------+-----+--------+
         Total |   1096 |   1012 |     84 |      0 |    864 |   2 |  548.0 |
       Dungeon |   1096 |   1012 |     84 |      0 |    864 |   2 |  548.0 |
               +--------+--------+--------+--------+--------+-----+--------+

Top non-repeatable levels by time:
     D:1: 986 daAuts
     D:2: 110 daAuts
